 Dungeon Sprint DCSS version 0.30-a0-920-g7493c07aab (webtiles) character file.

Game seed: 15482666657925728936

5996 dialectric the Imperceptible (level 10, -1/88 HPs)
             Began as a Spriggan Brigand on Mar 20, 2023.
             Was a Follower of Jiyva.
             Slain by a deep troll (7 damage)
             ... in the Dungeon (Sprint II: "The Violet Keep of Menkaure") on Mar 21, 2023.
             The game lasted 00:11:08 (1288 turns).

dialectric the Imperceptible (Spriggan Brigand)     Turns: 1288, Time: 00:11:09

Health: -1/88      AC:  6    Str:  9    XL:     10   Next: 55%
Magic:  11/11      EV: 31    Int: 13    God:    Jiyva [*.....]
Gold:   444        SH:  0    Dex: 19    Spells: 9/9 levels left

rFire   + + .      SeeInvis +    a - +2 dagger
rCold   + . .      Faith    .    (no shield)
rNeg    . . .      Spirit   .    g - +2 robe {rF+}
rPois   +          Reflect  .    j - +1 hat
rElec   +          Rampage  .    c - +0 cloak
rCorr   +          NoTele   +    (gloves unavailable)
Will    +....      Rage     3%   (boots unavailable) Stlth
                                 u - amulet of the acrobat
HPRegen 1.14/turn                (no ring)
MPRegen 0.37/turn                (no ring)

@: brilliant, berserking, resistant, very quick
A: very small, no large weapons, unfitting armour, see invisible, speed 3, horns
1, berserk 1
a: Renounce Religion


You were in the Dungeon.
You worshipped Jiyva.
Jiyva was aware of your devotion.
You visited 1 branch You collected 1147 gold pieces.
You spent 703 gold pieces at shops.

Inventory:

Hand Weapons
 a - a +2 dagger (weapon)
Missiles
 d - 2 poisoned darts (quivered)
Armour
 c - a +0 cloak (worn)
 g - a +2 robe of fire resistance (worn)
 j - a +1 hat (worn)
Jewellery
 u - an amulet of the acrobat (around neck)
 x - an amulet of regeneration
Scrolls
 k - 2 scrolls of blinking
 n - a scroll of fog
 o - a scroll of immolation {unknown}
 p - 7 scrolls of identify {unknown}
 s - 3 scrolls of acquirement {unknown}
 v - a scroll of enchant armour {unknown}
 w - a scroll of poison {unknown}
 y - a scroll of torment {unknown}
 B - a scroll of enchant weapon {unknown}
 C - a scroll of butterflies {unknown}
Potions
 h - a potion of haste
 i - 6 potions of magic
 m - 2 potions of curing
 q - 3 potions of resistance
 r - a potion of flight
 z - a potion of degeneration {unknown}


   Skills:
 + Level 10.1 Fighting
 + Level 12.9 Short Blades
 - Level 2.0 Throwing
 + Level 16.8 Dodging
 - Level 22.1 Stealth


You had 9 spell levels left.
You didn't know any spells.
Your spell library contained the following spells:

 Spells                   Type           Power      Damage    Failure   Level
 Ensorcelled Hibernation  Hex/Ice        0%         N/A       43%         2
 Passwall                 Tmut/Erth      0%         N/A       43%         2
 Swiftness                Air            0%         N/A       67%         3


Dungeon Overview and Level Annotations

Branches:
Dungeon (1/1)

Altars:
Cheibriados
Dithmenos
Elyvilon
Fedhas
Gozag
Hepliaklqana
Kikubaaqudgha
Makhleb
Nemelex Xobeh
Okawaru
Qazlal
Ru
Sif Muna
Trog
Uskayaw
Vehumet
Wu Jian
Xom
Yredelemnul
Zin
The Shining One
Jiyva
Lugonu

Shops:
D :[:([!?![===!![

Annotations:
D exclusion: oklob plant, Kirke


Innate Abilities, Weirdness & Mutations

You are very small and have problems with some larger weapons.
You are too small for most types of armour.
You have supernaturally acute eyesight. (SInv)
You cover ground extremely quickly. (Speed+++)
You have a pair of small horns on your head.
You sometimes lose your temper in combat.


Message History

The deep troll is heavily wounded.
The deep troll bites you. The deep troll misses you.
The deep troll barely misses you.
You hit the deep troll but do no damage.
The deep troll is heavily wounded.
You hit the deep troll.
You headbutt the deep troll, but do no damage.
The deep troll is heavily wounded.
The deep troll completely misses you. The deep troll closely misses you.
The deep troll misses you.
You closely miss the deep troll.
You headbutt the deep troll, but do no damage.
The deep troll is heavily wounded.
You hit the deep troll.
The deep troll is severely wounded.
The deep troll misses you. The deep troll barely misses you.
The deep troll closely misses you.
You hit the deep troll but do no damage.
You headbutt the deep troll, but do no damage.
The deep troll is severely wounded.
You hit the deep troll but do no damage.
The deep troll is severely wounded.
The deep troll misses you. The deep troll completely misses you.
The deep troll misses you.
You hit the deep troll.
The deep troll is severely wounded.
You hit the deep troll.
The deep troll is severely wounded.
The deep troll bites you!!
* * * LOW HITPOINT WARNING * * *
The deep troll completely misses you. x2
You hit the deep troll but do no damage.
The deep troll is severely wounded.
A red film seems to cover your vision as you go berserk!
You feel yourself moving faster!
You feel mighty!
You puncture the deep troll!
The deep troll is almost dead.
The deep troll bites you!
* * * LOW HITPOINT WARNING * * *
The deep troll claws you!
You die...

###########~~~.).°°°○°.#..'^...#
##....∩.∩.#~~~~.##+##..#..####.#
##...∩....#~~~~##...##z####.††.#
##..∩.∩...#~~~~#..#..#....#.†#..
##.⌠.∩....#~~####...####..#####.
##..∩.∩...#~##.###+###.##..#..'.
##...∩.∩..#~#...##.##...#..#..#.
##....∩.∩.'~'.##T.<)'(##'..####.
##.....∩.∩#~###@##.##..(#....###
#▓▓▓▓▓▓▓###~##.###'###.##).....~
##/.h######~~####.#.####~~.§§..~
#?$h#h ##~~~#.###.#~~§~~~~..~
#∩P?+$ #'#°## ##~~§~§§§~.~ #().
( #.#°°# #~~§§§§~~§~~ #[.$ ###
°~~ ~~~~~§§≈≈≈§~~ ##+
+++#+++#§§≈≈§§≈≈~ ≈ ##≈≈§###≈≈


You could see a deep troll.

Vanquished Creatures
  A yaktaur captain (D)
  A centaur warrior (D)
  A deep troll (D)
  A death drake (D)
  2 manticores (D)
  A merfolk siren (D)
  An elephant (D)
  2 unseen horrors (D)
  A yaktaur (D)
  2 polar bears (D)
  A hornet (D)
  5 wyverns (D)
  Menkaure (D)
  2 swamp drakes (D)
  5 water moccasins (D)
  4 necrophages (D)
  A hell rat (D)
  3 worms (D)
35 creatures vanquished.

Vanquished Creatures (others)
  3 shining eyes (D)
  A manticore (D)
  A kobold demonologist (D)
  A polar bear (D)
  3 slime creatures (D)
  A black bear (D)
  3 jellies (D)
  4 tentacles (D)
17 creatures vanquished.

Grand Total: 52 creatures vanquished

Notes
Turn   | Place    | Note
-------+----------+-------------------------------------------
     0 | D        | dialectric the Spriggan Brigand began the quest for the
                  | Orb.
     0 | D        | Reached XP level 1. HP: 10/10 MP: 2/2
     5 | D        | Reached skill level 7 in Stealth
     6 | D        | Reached skill level 8 in Stealth
    18 | D        | Reached XP level 2. HP: 15/15 MP: 3/3
    28 | D        | Noticed a necrophage
    28 | D        | Noticed a necrophage
    28 | D        | Noticed a necrophage
    28 | D        | Noticed a necrophage
    31 | D        | Killed a necrophage
    32 | D        | Reached skill level 12 in Stealth
    32 | D        | Reached XP level 3. HP: 18/18 MP: 4/4
    32 | D        | Reached XP level 4. HP: 23/23 MP: 5/5
    32 | D        | Killed a necrophage
    33 | D        | Reached skill level 15 in Stealth
    36 | D        | Killed a necrophage
    37 | D        | Reached skill level 17 in Stealth
    37 | D        | Reached XP level 5. HP: 27/27 MP: 6/6
    80 | D        | Noticed a merfolk siren
    83 | D        | Killed a merfolk siren
    84 | D        | Reached XP level 6. HP: 36/36 MP: 7/7
    84 | D        | Reached XP level 7. HP: 40/40 MP: 8/8
    86 | D        | Noticed an ice statue
   104 | D        | Found a stormy altar of Qazlal.
   105 | D        | Found a hazy altar of Hepliaklqana.
   105 | D        | Found a sacrificial altar of Ru.
   105 | D        | Found an ornate altar of the Wu Jian Council.
   106 | D        | Found a viscous altar of Jiyva.
   106 | D        | Found a shimmering blue altar of Sif Muna.
   107 | D        | Found a snail-covered altar of Cheibriados.
   107 | D        | Found an ancient bone altar of Kikubaaqudgha.
   107 | D        | Found a shimmering altar of Xom.
   107 | D        | Found a bloodstained altar of Trog.
   108 | D        | Found a shadowy altar of Dithmenos.
   108 | D        | Found a corrupted altar of Lugonu.
   109 | D        | Found a white marble altar of Elyvilon.
   109 | D        | Found a burning altar of Makhleb.
   110 | D        | Found a blossoming altar of Fedhas.
   123 | D        | Reached skill level 18 in Stealth
   125 | D        | Noticed a wyvern
   126 | D        | Noticed a wyvern
   126 | D        | Noticed a wyvern
   127 | D        | Killed a wyvern
   128 | D        | Reached skill level 19 in Stealth
   129 | D        | Killed a wyvern
   130 | D        | Reached XP level 8. HP: 39/45 MP: 9/9
   131 | D        | Reached skill level 20 in Stealth
   136 | D        | Noticed a manticore
   137 | D        | Noticed a manticore
   137 | D        | Noticed a manticore
   139 | D        | HP: 2/45 [manticore/volley of spikes (7)]
   253 | D        | Reached skill level 21 in Stealth
   263 | D        | Found Ovaolera's Distillery.
   263 | D        | Found Eqehem's Jewellery Shop.
   263 | D        | Found Aghad's Antique Armour Shop.
   263 | D        | Found Zaitest's Jewellery Boutique.
   263 | D        | Found Achal's Jewellery Shop.
   263 | D        | Found Kocw's Antique Armour Boutique.
   263 | D        | Found Macs's Distillery.
   263 | D        | Found Kacujaxa's Magic Scroll Boutique.
   264 | D        | Found Kotenwe's Distillery.
   264 | D        | Found Emes's Antique Armour Shop.
   264 | D        | Found Ujestrimy's Antique Weapon Boutique.
   264 | D        | Found Xufenes's Distillery.
   264 | D        | Noticed Menkaure
   265 | D        | Found Leaha's Book Shop.
   265 | D        | Found Xexoe's Antique Armour Boutique.
   294 | D        | Killed Menkaure
   299 | D        | Noticed an ice dragon
   299 | D        | Noticed an oklob plant
   300 | D        | Found Pemozev's Book Shoppe.
   315 | D        | Noticed a polar bear
   316 | D        | Noticed a polar bear
   429 | D        | Bought a potion of heal wounds for 50 gold pieces
   433 | D        | Noticed a hell hog
   439 | D        | Bought a scroll of blinking for 90 gold pieces
   441 | D        | Bought a potion of heal wounds for 50 gold pieces
   445 | D        | Bought an embroidered robe for 66 gold pieces
   456 | D        | Noticed a hell hog
   461 | D        | Bought a runed hat for 168 gold pieces
   467 | D        | Bought a potion of invisibility for 80 gold pieces
   469 | D        | Bought a potion of curing for 30 gold pieces
   478 | D        | Bought a scroll of fog for 48 gold pieces
   508 | D        | Found an opulent altar of Gozag.
   508 | D        | Found a glowing golden altar of the Shining One.
   508 | D        | Found a basalt altar of Yredelemnul.
   508 | D        | Found a hide-covered altar of Uskayaw.
   508 | D        | Found a sparkling altar of Nemelex Xobeh.
   508 | D        | Noticed a hornet
   508 | D        | Noticed a polar bear
   509 | D        | Found a glowing silver altar of Zin.
   509 | D        | Found a radiant altar of Vehumet.
   509 | D        | Found an iron altar of Okawaru.
   509 | D        | Noticed a yaktaur
   512 | D        | Became a worshipper of Jiyva Jaagacvu the Shapeless
   514 | D        | Noticed a polar bear
   515 | D        | Noticed a polar bear
   518 | D        | Killed a slime creature
   520 | D        | Killed a slime creature
   523 | D        | Noticed a kraken
   526 | D        | Killed a slime creature
   547 | D        | Reached * piety under Jiyva
   674 | D        | Killed a shining eye
   682 | D        | Noticed a yaktaur captain
   682 | D        | Noticed a lindwurm
   683 | D        | Noticed a kobold demonologist
   688 | D        | Killed a kobold demonologist
   692 | D        | Killed a shining eye
   699 | D        | Killed a shining eye
   700 | D        | Reached skill level 22 in Stealth
   701 | D        | Killed a yaktaur
   702 | D        | Reached skill level 10 in Short Blades
   705 | D        | Reached XP level 9. HP: 34/50 MP: 10/10
   758 | D        | Killed a polar bear
   759 | D        | Reached skill level 10 in Dodging
   759 | D        | Killed a polar bear
   803 | D        | Killed a polar bear
   872 | D        | Noticed a deep troll
   873 | D        | Noticed a deep troll
   895 | D        | Noticed a skeletal warrior
   931 | D        | Bought a potion of curing for 33 gold pieces
   931 | D        | Bought a potion of invisibility for 88 gold pieces
   945 | D        | Noticed an elephant
   949 | D        | Killed an elephant
   953 | D        | Killed a yaktaur captain
   959 | D        | Noticed a centaur warrior
   961 | D        | Killed a centaur warrior
   969 | D        | Noticed a death drake
   971 | D        | Noticed a death drake
   976 | D        | Killed a death drake
   977 | D        | Reached XP level 10. HP: 51/58 MP: 11/11
   990 | D        | Killed a deep troll
   991 | D        | Reached skill level 15 in Dodging
   997 | D        | Killed a manticore
  1017 | D        | Killed a manticore
  1025 | D        | Noticed a deep elf master archer
  1049 | D        | Killed a manticore
  1062 | D        | Reached skill level 10 in Fighting
  1144 | D        | Noticed a crystal guardian
  1172 | D        | Noticed Kirke
  1202 | D        | Noticed a manticore
  1222 | D        | Upgraded the game from 0.30-a0-918-g0ff054e9dc to
                  | 0.30-a0-920-g7493c07aab
  1255 | D        | Gained mutation: You have a pair of small horns on your
                  | head. [potion of mutation]
  1255 | D        | Gained mutation: You sometimes lose your temper in combat.
                  | [potion of mutation]
  1288 | D        | Slain by a deep troll

Illustrated notes

Levels and vault maps discovered:
D:        the_violet_keep_of_menkaure [sprint2_stairs_cluster_1,
          sprint2_shoproom, sprint2_temple, sprint2_basic_supplies,
          sprint2_obstacle_5, sprint2_obstacle_1, sprint2_obstacle_2,
          sprint2_obstacle_7, sprint2_obstacle_4, sprint2_timed_cluster_1,
          sprint2_smallroom_cluster_1, sprint2_smallroom_final_cluster_1,
          sprint2_transparent_cluster_1, sprint2_second_timed_cluster_1,
          sprint2_sniper_area_1, sprint2_heavy_combat_area_1,
          sprint2_mutation_trap_area_1, sprint2_forest_area_1,
          sprint2_light_combat_area_1, sprint2_behind_water_1,
          sprint2_near_end_vault_1]

Skill      XL: |  1  2  3  4  5  6  7  8  9 10 |
---------------+-------------------------------+-----
Stealth        | 8 12 17 19 22 | 22.1
Fighting       | 2 6 7 9 10 | 10.1
Short Blades   | 3 8 9 10 12 | 12.9
Dodging        | 2 6 7 9 14 16 | 16.8
Throwing       | |  2.0

Action                     |  1- 3 |  4- 6 |  7- 9 | 10-12 || total
---------------------------+-------+-------+-------+-------++-------
  Melee: Dagger            |    10 |    13 |    94 |   105 ||   222
         Punch             |       |       |     1 |       ||     1
         Unarmed           |       |       |       |    15 ||    15
         Headbutt          |       |       |       |     7 ||     7
  Throw: Dart              |     3 |       |    13 |     9 ||    25
    Use: Potion            |       |     1 |     7 |    10 ||    18
   Stab: Sleeping          |     3 |     2 |     7 |     1 ||    13
         Invisible         |       |       |     9 |       ||     9
         Distracted        |       |       |     1 |     1 ||     2
         Confused          |       |       |       |     3 ||     3
 Armour: Robe              |       |       |    10 |    10 ||    20
  Dodge: Dodged            |     2 |     6 |    96 |   208 ||   312

Table legend: (Time is in decaauts)
 A = Elapsed time spent in this place.
 B = Non-inter-level travel time spent in this place.
 C = Inter-level travel time spent in this place.
 D = Time resting spent in this place.
 E = Time spent auto-exploring this place.
 F = Levels seen in this place.
 G = Mean time per level.
                   A        B        C        D        E       F      G
               +--------+--------+--------+--------+--------+-----+--------+
         Total |   1017 |   1017 |      0 |    156 |    136 |   1 | 1017.0 |
       Dungeon |   1017 |   1017 |      0 |    156 |    136 |   1 | 1017.0 |
               +--------+--------+--------+--------+--------+-----+--------+

Top non-repeatable levels by time:
       D: 1017 daAuts
